 Dungeon Crawl Stone Soup version 0.27.1-3-gb3d3a73c9e (webtiles) character file.

Game seed: 8401239094874474345

18366 Urokeeper the Cleaver (level 12, 0/116 HPs)
             Began as a Deep Dwarf Fighter on Oct 7, 2021.
             Was the Champion of Makhleb.
             Slain by an orc knight (1 damage)
             ... on level 2 of the Orcish Mines.
             The game lasted 00:48:31 (9124 turns).

Urokeeper the Cleaver (Deep Dwarf Fighter)          Turns: 9124, Time: 00:48:32

Health: 0/116      AC: 25    Str: 29    XL:     12   Next: 27%
Magic:  0/0        EV:  7    Int: 11    God:    Makhleb [******]
Gold:   980        SH: 14    Dex: 12    Spells: 11/11 levels left

rFire    + . .     SeeInvis .   h - +2 war axe (flame)
rCold    . . .     Faith    +   c - +1 kite shield
rNeg     . . .     Spirit   .   n - +0 plate armour
rPois    +         Reflect  .   C - +0 helmet
rElec    .         Harm     .   s - +2 cloak
rCorr    .         Rampage  .   M - +2 pair of gloves
Will     +....     Clarity  +   E - +0 pair of boots {Fly}
Stlth    ..........             r - amulet of faith
HPRegen  0.00/turn              y - ring of poison resistance
MPRegen  0.07/turn              v - +6 ring of strength

@: flying
A: damage resistance, heal wounds, sense surroundings 2, no regeneration,
clarity, fire resistance 1, MP-powered wands
a: Heal Wounds, Renounce Religion, Minor Destruction, Lesser Servant of Makhleb,
Major Destruction, Greater Servant of Makhleb


You were on level 2 of the Orcish Mines.
You worshipped Makhleb.
Makhleb was exalted by your worship.
You visited 3 branches of the dungeon, and saw 14 of its levels.

You collected 980 gold pieces.

Inventory:

Hand Weapons
 a - a +0 war axe
 h - a +2 war axe of flaming (weapon)
 H - a +2 broad axe of draining
Missiles
 K - 2 throwing nets
Armour
 b - a +0 scale mail
 c - a +1 kite shield (worn)
 g - a +0 chain mail
 n - a +0 plate armour (worn)
 s - a +2 cloak (worn)
 C - a +0 helmet (worn)
 E - a +0 pair of boots of flying (worn)
 I - +0 swamp dragon scales
 J - a +0 scale mail of willpower
 M - a +2 pair of gloves (worn)
Jewellery
 d - an amulet of guardian spirit
 m - a ring of protection from fire
 r - an amulet of faith (around neck)
 v - a +6 ring of strength (right hand)
 y - a ring of poison resistance (left hand)
 B - a +4 ring of slaying
Wands
 w - a wand of flame (11)
 D - a wand of iceblast (17)
 O - a wand of digging (5)
Scrolls
 e - 4 scrolls of fog
 j - 4 scrolls of blinking
 l - a scroll of magic mapping
 o - 2 scrolls of enchant weapon
 p - a scroll of immolation
 u - a scroll of enchant armour
 G - a scroll of noise {unknown}
 L - a scroll of amnesia {unknown}
 Q - 2 scrolls of teleportation
Potions
 i - 2 potions of flight
 k - a potion of haste
 q - a potion of mutation
 x - a potion of degeneration {unknown}
 z - 3 potions of lignification
 A - a potion of heal wounds {unknown}
 N - a potion of attraction {unknown}
Miscellaneous
 P - a lightning rod (4/4)


   Skills:
 + Level 10.2 Fighting
 + Level 11.5 Axes
 + Level 11.2 Armour
 + Level 11.2 Shields


You had 11 spell levels left.
You didn't know any spells.
Your spell library contained the following spells:

 Spells                   Type           Power      Damage    Failure   Level
 Foxfire                  Conj/Fire      0%         2x1d4     99%         1
 Blink                    Tloc           N/A        N/A       99%         2
 Conjure Flame            Conj/Fire      0%         6-21      100%        3
 Frozen Ramparts          Ice            0%         1d2       100%        3
 Gell's Gravitas          Tloc           0%         N/A       100%        3
 Ignite Poison            Fire/Tmut/Pois 0%         N/A       100%        3
 Inner Flame              Hex/Fire       0%         N/A       100%        3
 Teleport Other           Tloc           0%         N/A       100%        3
 Ice Form                 Ice/Tmut       0%         N/A       100%        4
 Sticky Flame             Conj/Fire      0%         2d3       100%        4
 Summon Ice Beast         Ice/Summ       0%         N/A       100%        4
 Manifold Assault         Tloc           0%         N/A       100%        5
 Dispersal                Tloc           0%         N/A       100%        6
 Storm Form               Tmut/Air       0%         N/A       100%        7
 Borgnjor's Revivificati  Necr           0%         N/A       100%        8
 Necromutation            Tmut/Necr      0%         N/A       100%        8
 Death's Door             Necr           0%         N/A       100%        9


Dungeon Overview and Level Annotations

Branches:
Dungeon (11/15)            Temple (1/1) D:6            Lair (0/6) D:11
    Orc (2/2) D:10            Elf (0/3) Orc:2

Altars:
Ashenzari
Dithmenos
Elyvilon
Hepliaklqana
Kikubaaqudgha
Makhleb
Nemelex Xobeh
Okawaru
Ru
Sif Muna
Trog
Vehumet
Wu Jian
Xom
Yredelemnul
Zin
The Shining One
Beogh

Shops:
D:1 *   D:5 ?   D:9 :[?


Innate Abilities, Weirdness & Mutations

You are resistant to damage.
You can heal yourself by infusing magical energy.
You passively map the area around you.
You do not regenerate.
You possess an exceptional clarity of mind.
Your flesh is heat resistant. (rF+)
You expend magic power (3 MP) to strengthen your wands.


Message History

Beogh smites you! You block the orc knight's attack.
You block the orc warrior's attack.
You are too injured to fight recklessly!
You are too injured to fight recklessly!
You are too injured to fight recklessly!
Unknown command.
You are too injured to fight recklessly!
You are too injured to fight recklessly!
You are too injured to fight recklessly!
You slash the orc warrior! You burn the orc warrior.
You kill the orc warrior!
Makhleb accepts your kill.
You feel better.
You hit the orc priest. You burn the orc priest.
The orc priest mumbles some strange prayers to Beogh against you.
Beogh smites you!
The orc knight hits you from afar with a +0 halberd!
You block the orc warrior's attack.
The orc priest mumbles some strange prayers to Beogh against you.
Pain shoots through your body!
Items here: )) [[ †.
Unknown command.
You slash the orc priest! You burn the orc priest.
You kill the orc priest!
Makhleb accepts your kill.
You feel better.
The orc knight hits you but does no damage.
You block the orc warrior's attack. The orc knight barely misses you.
The orc warrior hits you from afar with a +2 glaive of protection.
The orc knight hits you from afar with a +0 halberd.
The orc warrior hits you from afar with a +2 glaive of protection!!
* * * LOW HITPOINT WARNING * * *
It was a potion of magic.
Magic courses through your body.
The orc knight hits you from afar with a +0 halberd!
* * * LOW HITPOINT WARNING * * *
Unknown command.
As you read the scroll of fear, it crumbles to dust.
You assume a fearsome visage.
The orc knight easily resists.
The orc knight hits you from afar with a +0 halberd.
You die...

##........#######.......# ##.
#.........# #...........## ###..
##.........###.#########..###....
.#.....#....##.##.._..##...###...
......###....#.#.......#.........
.....###.......#..o....#......<..
....## ##.#....###o# #........#
.....# ####....#.).# #.........
.....###.......#@8.# #.........
#....##........#...#, #.........
...............###)#####.........
###..........#...)...........#...
#...........##...^........# **,
#..#.....######..........# *
#####...## ##.#.......# *, #..##
####.....## #..# #...###


You could see an orc knight and an orc warrior (strong).

Vanquished Creatures
  A hydra (D:9)
  A centaur warrior (D:9)
  2 two-headed ogres
  2 death yaks (D:11)
  An orc knight (Orc:2)
  Pikel (D:4)
  2 orc sorcerers (Orc:2)
  4 centaur zombies
  Maggie (D:7)
  4 trolls
  Grinder (D:4)
  A shadow (D:10)
  A wraith (D:8)
  A wyvern (D:8)
  13 yaks
  A two-headed ogre zombie (D:10)
  3 wargs (Orc:2)
  A water moccasin (D:8)
  20 orc warriors
  Duvessa (D:4)
  A black bear (D:5)
  2 ice beasts
  A sky beast (D:7)
  A hornet zombie (D:9)
  A necrophage (D:10)
  7 ogres
  3 centaurs
  4 phantoms
  A lemure (D:4)
  A kobold brigand (D:8)
  3 bullfrogs
  A wyvern zombie (D:7)
  2 gnoll sergeants
  2 scorpions
  A water moccasin zombie (D:5)
  Dowan (D:4)
  2 troll zombies (D:10)
  6 killer bees
  3 wights (D:10)
  6 electric eels
  A howler monkey (D:8)
  4 bullfrog zombies
  11 orc priests
  Crazy Yiuf (D:3)
  6 hounds
  4 centaur skeletons
  4 bullfrog skeletons
  A gnoll shaman (D:7)
  4 iguanas
  Jessica (D:2)
  Terence (D:3)
  A scorpion zombie (D:5)
  Ijyb (D:3)
  27 orc wizards
  5 ogre zombies (D:10)
  A mummy (D:10)
  Robin (D:2)
  4 howler monkey zombies
  13 gnolls
  3 adders
  3 white imps (D:7)
  3 adder skeletons (D:4)
  2 dart slugs
  51 orcs
  4 endoplasms
  2 giant cockroaches
  11 goblins
  12 hobgoblins
  3 quokkas
  4 ball pythons
  4 bats
  5 frilled lizards
  A goblin skeleton (D:10)
  A goblin zombie (D:10)
  2 hobgoblin skeletons (D:10)
  A hobgoblin zombie (D:10)
  12 kobolds
  3 orc skeletons (D:10)
  17 orc zombies (D:10)
  A quokka skeleton (D:4)
  5 rats
352 creatures vanquished.

Vanquished Creatures (others)
  2 fungi (D:3)
  13 plants (D:8)
  5 toadstools (D:1)
  3 withered plants (D:10)
23 creatures vanquished.

Grand Total: 375 creatures vanquished

Notes
Turn   | Place    | Note
-------+----------+-------------------------------------------
     0 | D:1      | Urokeeper the Deep Dwarf Fighter began the quest for the
                  | Orb.
     0 | D:1      | Reached XP level 1. HP: 20/20 MP: 1/1
   280 | D:1      | Reached XP level 2. HP: 22/27 MP: 2/2
   776 | D:1      | Found Iclih's Assorted Antiques.
  1077 | D:2      | Noticed Robin
  1088 | D:2      | Reached XP level 3. HP: 13/33 MP: 3/3
  1093 | D:2      | Killed Robin
  1189 | D:2      | Found a bloodstained altar of Trog.
  1262 | D:2      | Found a faded altar of an unknown god.
  1290 | D:2      | Noticed Jessica
  1310 | D:2      | Killed Jessica
  1311 | D:2      | Reached XP level 4. HP: 40/40 MP: 4/4
  1498 | D:3      | Reached skill level 5 in Axes
  1545 | D:3      | Noticed Terence
  1546 | D:3      | Found an ornate altar of the Wu Jian Council.
  1556 | D:3      | Killed Terence
  1588 | D:3      | Noticed Ijyb
  1614 | D:3      | Killed Ijyb
  1615 | D:3      | Reached XP level 5. HP: 40/46 MP: 3/3
  1702 | D:3      | You fall into a shaft and drop 3 floors!
  1722 | D:6      | Noticed a centaur
  1730 | D:6      | Killed a centaur
  1731 | D:6      | Reached XP level 6. HP: 40/55 MP: 3/3
  1744 | D:6      | Found a staircase to the Ecumenical Temple.
  1752 | D:6      | Found a bloodstained altar of Trog.
  1774 | Temple   | Entered the Ecumenical Temple
  1794 | Temple   | Became a worshipper of Makhleb the Destroyer
  1844 | D:6      | Found a shimmering altar of Xom.
  2102 | D:5      | Entered Level 5 of the Dungeon
  2121 | D:5      | Reached XP level 7. HP: 59/61 MP: 4/4
  2202 | D:3      | Found a sparkling altar of Nemelex Xobeh.
  2372 | D:3      | Found a sacrificial altar of Ru.
  2966 | D:3      | Found a runed translucent door.
  2967 | D:3      | Noticed Crazy Yiuf
  2980 | D:3      | Killed Crazy Yiuf
  3056 | D:4      | Noticed Pikel
  3076 | D:4      | Killed Pikel
  3077 | D:4      | Reached skill level 10 in Axes
  3077 | D:4      | Reached XP level 8. HP: 45/68 MP: 3/3
  3198 | D:4      | Noticed Grinder
  3204 | D:4      | Paralysed by Grinder for 2 turns
  3217 | D:4      | Killed Grinder
  3267 | D:4      | Reached * piety under Makhleb
  3314 | D:4      | Reached skill level 5 in Fighting
  3553 | D:4      | Noticed Dowan
  3559 | D:4      | Noticed Duvessa
  3576 | D:4      | Killed Dowan
  3583 | D:4      | Killed Duvessa
  3891 | D:5      | Found Rawe's Magic Scroll Shoppe.
  3958 | D:5      | Gained mutation: You passively map the area around you.
                  | [Deep Dwarf growth]
  3958 | D:5      | Reached XP level 9. HP: 72/88 MP: 3/3
  4001 | D:5      | Reached ** piety under Makhleb
  5035 | D:7      | Reached skill level 5 in Armour
  5119 | D:7      | Noticed Maggie
  5132 | D:7      | Killed Maggie
  5176 | D:7      | Reached XP level 10. HP: 75/99 MP: 2/2
  5190 | D:7      | Reached *** piety under Makhleb
  5825 | D:7      | Identified 2 scrolls of acquirement
  5825 | D:7      | Acquired a +0 pair of boots of flying
  5832 | D:7      | Acquired a +4 ring of slaying
  6050 | D:8      | Noticed a two-headed ogre
  6070 | D:8      | Killed a two-headed ogre
  6134 | D:8      | Gained mutation: You possess an exceptional clarity of
                  | mind. [potion of mutation]
  6134 | D:8      | Gained mutation: Your flesh is heat resistant. (rF+)
                  | [potion of mutation]
  6134 | D:8      | Gained mutation: You expend magic power (3 MP) to
                  | strengthen your wands. [potion of mutation]
  6148 | D:8      | Found a white marble altar of Elyvilon.
  6350 | D:8      | Reached **** piety under Makhleb
  6438 | D:8      | Reached skill level 10 in Armour
  6531 | D:8      | Noticed a death knight
  6611 | D:9      | Noticed a six-headed hydra
  6625 | D:10     | Entered Level 10 of the Dungeon
  6669 | D:10     | Reached skill level 5 in Shields
  6842 | D:10     | Found a staircase to the Orcish Mines.
  6878 | D:10     | Reached XP level 11. HP: 77/106 MP: 1/1
  6932 | D:10     | Reached ***** piety under Makhleb
  7373 | D:10     | Noticed a two-headed ogre
  7381 | D:10     | Killed a two-headed ogre
  7459 | D:9      | Noticed a centaur warrior
  7515 | D:9      | Killed a two-headed hydra
  7516 | D:9      | Reached skill level 10 in Shields
  7596 | D:9      | Found Loakaf's Magic Scroll Shop.
  7599 | D:9      | Found Jaedeleiq's Book Shoppe.
  7601 | D:9      | Found Gilourr's Antique Armour Emporium.
  7712 | D:9      | Killed a centaur warrior
  7948 | D:9      | Found a radiant altar of Vehumet.
  7950 | D:9      | Found a glowing golden altar of the Shining One.
  7991 | Orc:1    | Entered Level 1 of the Orcish Mines
  8202 | Orc:2    | Entered Level 2 of the Orcish Mines
  8237 | Orc:2    | Noticed an orc sorcerer
  8308 | D:11     | Noticed a death yak
  8308 | D:11     | Noticed a death yak
  8315 | D:11     | Noticed a death yak
  8315 | D:11     | Noticed a death yak
  8320 | D:11     | Noticed a death yak
  8322 | D:11     | Killed a death yak
  8330 | D:11     | Noticed a six-headed hydra
  8340 | D:11     | Killed a death yak
  8421 | Orc:2    | Killed an orc sorcerer
  8465 | Orc:2    | Reached ****** piety under Makhleb
  8466 | Orc:2    | Reached XP level 12. HP: 28/116 MP: 1/1
  8505 | Orc:2    | Reached skill level 10 in Fighting
  8528 | Orc:2    | Found a staircase to the Elven Halls.
  8628 | Orc:2    | Found a frozen archway.
  9123 | Orc:2    | HP: 1/116 [orc knight (9)]
  9124 | Orc:2    | Slain by an orc knight

Illustrated notes

Levels and vault maps discovered:
D:1:      scummos_arrival_simple_fountains, layout_loops_corners, serial_shops,
          nicolae_lakefront_shop, minmay_gold_behind_fungi
D:2:      layout_basic, chequers_ecumenical_altar_island, basic_altar,
          uniq_jessica, uniq_robin
D:3:      layout_basic, nzn_wu_jian_contemplation, nemelex_dance_club_becter,
          mainiacjoe_overflow_boulevard, st_stairs_4, uniq_crazy_yiuf_cottage,
          uniq_ijyb, uniq_terence
D:4:      layout_loops_ring, uniq_grinder, uniq_duvessa, uniq_pikel
D:5:      layout_rooms, serial_shops, shop, kennysheep_small_square
D:6:      layout_cave_pods, old_standard_altar, mainiacjoe_overflow_paths,
          minmay_temple_entry_ruins, kennysheep_pointless_box,
          serial_park_tiny_2
D:7:      layout_basic, minmay_starry_boxes, uniq_maggie
D:8:      layout_loops_ring, mainiacjoe_overflow_small_starburst, serial_bayou,
          serial_bayou_shore_b, serial_bayou_shore_a, serial_bayou_ford_a,
          serial_bayou_lagoon_b, serial_bayou_pond_d, serial_bayou_lake_a,
          kennysheep_generic_room_11
D:9:      layout_basic, minitemple, nicolae_wooded_promenade
D:10:     layout_stronghold, zombieorc2_lemuel, serial_undead, serial_undead_c,
          serial_undead_d, serial_undead_c, serial_undead_d, serial_undead_f,
          serial_undead_c
D:11:     layout_basic, dpeg_lair_monsters
Temple:   eino_narrow_crystal_temple
Orc:1:    layout_caves, basic_altar
Orc:2:    grunt_orc_community_town_hall, layout_diamond_mine,
          grunt_orc_community_big_house_2, grunt_orc_community_big_house_2,
          grunt_orc_community_house_1, grunt_orc_community_house_3,
          grunt_orc_community_house_2, grunt_orc_community_house_1,
          grunt_orc_community_house_3, portal_ice_cave_entry_pillars_2,
          nicolae_orc_lava_tube

Skill      XL: |  1  2  3  4  5  6  7  8  9 10 11 12 |
---------------+-------------------------------------+-----
Axes           | 3 4 5 7 8 10 11 | 11.5
Fighting       | 7 9 10 | 10.2
Armour         | 6 10 11 | 11.2
Shields        | 7 10 11 | 11.2

Action                   |  1- 3 |  4- 6 |  7- 9 | 10-12 || total
-------------------------+-------+-------+-------+-------++-------
Melee: War axe           |    59 |   120 |   402 |    38 ||   619
       Broad axe         |       |       |     9 |   539 ||   548
 Abil: Heal Wounds       |     1 |     9 |    12 |    12 ||    34
  Use: Scroll            |       |       |     4 |    12 ||    16
       Potion            |       |       |     1 |     4 ||     5
Armor: Scale mail        |    32 |    37 |   156 |       ||   225
       Chain mail        |     1 |       |    15 |    31 ||    47
       Plate armour      |       |       |       |   230 ||   230
Dodge: Dodged            |    28 |    39 |   109 |    94 ||   270
Block: Kite shield       |    37 |    66 |   190 |   376 ||   669
